 Dungeon Crawl Stone Soup version 0.32-a0-685-g93135e86f0 (webtiles) character file.

Game seed: 18423233429532447255

19835 cforsyth the Cleaver (level 12, 0/108 HPs)
             Began as a Mountain Dwarf Cinder Acolyte on Mar 12, 2024.
             Was a High Priest of Ignis.
             Killed from afar by an ice statue (23 damage)
             ... with a shard of ice
             ... in an ice cave.
             The game lasted 00:44:50 (21911 turns).

cforsyth the Cleaver (MDCA)                        Turns: 21911, Time: 00:44:51

Health: 0/108      AC: 22    Str: 26    XL:     12   Next: 40%
Magic:  23/23      EV:  8    Int: 28    God:    Ignis [*****.]
Gold:   1079       SH:  6    Dex:  5    Spells: 24/26 levels left

rFire   + + .        a - +2 war axe "Paiff" {vamp, *Corrode Fly rPois Int+6}
rCold   . . .        J - +3 warlock's mirror {omnireflect}
rNeg    + . .        I - +3 chain mail {rF+}
rPois   +            B - +1 helmet
rElec   .            C - scarf "Batugrong" {repulsion, Str+2}
rCorr   .            x - +1 pair of gloves
SInv    .            R - +1 pair of boots "Pipne" {Rampage rN+ Int+3}
Will    +....        P - amulet of the acrobat Stlth
                     S - +6 ring of strength
HPRegen 0.38/turn    T - +4 ring of protection
MPRegen 0.18/turn

%: corrode self (3%), repel missiles, reflection, acrobat, rampage
@: corroded, flying, studying Fighting
A: runic magic, artefact enchanting
a: Renounce Religion, Fiery Armour, Foxfire Swarm, Rising Flame


You were in an ice cave.
You worshipped Ignis.
Ignis was extremely pleased with you.
You visited 3 branches of the dungeon, and saw 14 of its levels.
You also visited: Ice Cave.

You collected 1079 gold pieces.


Innate Abilities, Weirdness & Mutations

Your spellcasting is much less encumbered by armour.
You can use scrolls of enchantment on lesser artefacts.


   Skills:
 + Level 10.8 Fighting
 + Level 11.6 Axes
 + Level 10.1 Armour
 + Level 3.1 Shields
 + Level 7.8 Spellcasting
 + Level 11.6 Fire Magic


You had 24 spell levels left.
You knew the following spells:

 Your Spells              Type           Power      Damage    Failure   Level
X - Scorch                Fire           100%       2d9       1%          2

Your spell library contained the following spells:

 Spells                   Type           Power      Damage    Failure   Level
 Foxfire                  Conj/Fire      100%       2x1d9     1%          1
 Magic Dart               Conj           40%        1d5       9%          1
 Sandblast                Erth           20%        2d7       9%          1
 Slow                     Hex            40%        N/A       9%          1
 Blink                    Tloc           20%        N/A       13%         2
 Call Imp                 Summ           20%        N/A       13%         2
 Jinxbite                 Hex            20%        N/A       13%         2
 Confusing Touch          Hex            10%        N/A       26%         3
 Dazzling Flash           Conj/Hex       20%        N/A       26%         3
 Fugue of the Fallen      Necr           10%        N/A       26%         3
 Mephitic Cloud           Conj/Alch/Air  10%        N/A       26%         3
 Ozocubu's Armour         Ice            10%        N/A       26%         3
 Stone Arrow              Conj/Erth      20%        3d8       26%         3
 Vampiric Draining        Necr           10%        2d6       26%         3
 Brom's Barrelling Bould  Conj/Erth      10%        2d3       63%         4
 Manifold Assault         Tloc           10%        N/A       63%         4
 Plasma Beam              Fire/Air       21%        2x1d33    75%         6
 Starburst                Conj/Fire      21%        6d7       75%         6
 Curse of Agony           Necr           10%        N/A       93%         5
 Silence                  Hex/Air        5%         N/A       93%         5
 Yara's Violent Unravell  Hex/Alch       5%         3d4       93%         5
 Dispersal                Tloc           5%         N/A       100%        6
 Enfeeble                 Hex            5%         N/A       100%        7
 Disjunction              Tloc           5%         N/A       100%        8
 Maxwell's Capacitive Co  Air            5%         ∞         100%        8

Inventory:

Hand Weapons
 a - the +2 war axe "Paiff" (weapon) {vamp, *Corrode Fly rPois Int+6}
   (You found it on level 8 of the Dungeon)

   Int+6:     It affects your intelligence (+6).
   rPois:     It protects you from poison.
   Fly:       It grants you flight.
   *Corrode:  It may corrode you when you take damage.
Missiles
 G - 5 throwing nets {=f}
Armour
 x - a +1 pair of gloves (worn)
 B - a +1 helmet (worn)
 C - the scarf "Batugrong" (worn) {repulsion, Str+2}
   (You found it on level 11 of the Dungeon)

   Str+2:     It affects your strength (+2).
 E - the +2 leather armour of Divine Compulsion {rC+ Will+ rCorr Int+5}
   (You found it on level 11 of the Dungeon)

   Int+5:     It affects your intelligence (+5).
   rC+:       It protects you from cold.
   Will+:     It increases your willpower.
   rCorr:     It protects you from acid and corrosion.
 I - a +3 chain mail of fire resistance (worn)
 J - the +3 warlock's mirror (worn) {omnireflect}
   (You took it off an orc warrior on level 11 of the Dungeon)

   Omnireflect: It can block and reflect piercing ranged attacks and magical
   attacks against the wielder's willpower.
 R - the +1 pair of boots "Pipne" (worn) {Rampage rN+ Int+3}
   (You found it on level 7 of the Dungeon)

   Int+3:     It affects your intelligence (+3).
   rN+:       It protects you from negative energy.
   Rampage:   It bestows one free step when moving towards enemies.
Jewellery
 f - a ring of fire
 F - a ring of protection from fire
 M - a ring of magical power
 N - a ring of positive energy
 P - an amulet of the acrobat (around neck)
 S - a +6 ring of strength (left hand)
 T - a +4 ring of protection (right hand)
Wands
 s - a wand of flame (32)
 w - a wand of acid (1)
 z - a wand of digging (5)
 D - a wand of mindburst (5)
 L - a wand of paralysis (10)
Scrolls
 b - 2 scrolls of amnesia
 e - 2 scrolls of poison
 g - 2 scrolls of noise
 i - 2 scrolls of fog
 k - 2 scrolls of enchant armour
 l - a scroll of identify {@r1}
 m - 2 scrolls of immolation
 n - a scroll of fear
 r - 2 scrolls of blinking
 u - 2 scrolls of vulnerability
 y - a scroll of silence {!r}
 H - 2 scrolls of brand weapon
 K - a scroll of torment {unknown}
 O - a scroll of teleportation {@r2}
Potions
 c - 13 potions of curing {@q1}
 d - 3 potions of heal wounds {@q2}
 h - 2 potions of lignification
 j - a potion of mutation
 o - a potion of might
 p - a potion of invisibility
 q - 5 potions of enlightenment
 t - a potion of haste {@q3}
 v - 3 potions of attraction
 A - a potion of ambrosia

Dungeon Overview and Level Annotations

Branches:
Dungeon (12/15)            Temple (1/1) D:4            Lair (1/5) D:11
    Orc (0/2) D:10          IceCv (1/1)

Altars:
Ashenzari
Cheibriados
Dithmenos
Elyvilon
Fedhas
Gozag
Hepliaklqana
Kikubaaqudgha
Makhleb
Nemelex Xobeh
Okawaru
Qazlal
Ru
Sif Muna
Trog
Uskayaw
Vehumet
Wu Jian
Xom
Yredelemnul
Zin
The Shining One
Beogh

Shops:
D:2 *

Annotations:
D:9 3 runed translucent doors, mitch45678's ghost, novice CoGl
D:12 1 runed translucent door, Triskal's ghost, journeyman CoAr IceCv exclusion: ice statue

#......[......#
##...........##
#.....©.(...#
##...ß©ß...##
#▒▒▒▒▒▒▒▒▒#
▒▒ß..©..ß▒▒
▒▒ß.......ß▒▒
▒▒ß.°.......ß▒▒
▒...@.$)(.....▒
▒∩.YI.:)$....©▒
▒▒▒▒▒▒▒▒▒▒▒▒▒▒▒


You could see an ice statue and an ice beast (summoned).


Message History

The ice statue is severely damaged.
You are engulfed in freezing vapours.
The ice statue gestures.
You hit the ice statue.
The ice statue is severely damaged.
You hit the ice beast but do no damage.
You are engulfed in freezing vapours.
* * * LOW HITPOINT WARNING * * *
Your corrosive artefact corrodes you!
The ice statue gestures at you.
The shard of ice is repelled.
The ice beast barely misses you.
You hit the ice statue.
The ice statue is almost destroyed.
You hit the ice beast but do no damage.
You are engulfed in freezing vapours.
* * * LOW HITPOINT WARNING * * *
The ice statue gestures at you.
The shard of ice is repelled.
The ice beast barely misses you.
You hit the ice statue but do no damage.
The ice statue is almost destroyed.
You hit the ice beast but do no damage. The ice statue gestures at you.
Your +3 warlock's mirror {omnireflect} blocks the bolt of cold... and reflects it back!
The bolt of cold hits the ice statue.
The ice statue completely resists.
The ice beast closely misses you.
You hit the ice statue but do no damage.
The ice statue is almost destroyed.
You hit the ice beast. The ice statue gestures at you.
The shard of ice hits you!!
You die...
Ignis goes out, and joins you in death.

Skill      XL: |  1  2  3  4  5  6  7  8  9 10 11 12 |
---------------+-------------------------------------+-----
Armour         | 1 2 3 4 5 6 8 9 10 | 10.1
Axes           | 4 5 6 7 8 10 11 | 11.6
Fire Magic     | 4 5 6 7 8 10 11 | 11.6
Fighting       | 4 5 6 7 9 10 | 10.8
Spellcasting   | 2 3 4 5 6 7 |  7.8
Shields        | 1 3 |  3.1

Action                     |  1- 3 |  4- 6 |  7- 9 | 10-12 || total
---------------------------+-------+-------+-------+-------++-------
  Melee: Hand axe          |    99 |    13 |    48 |       ||   160
         War axe           |       |       |       |   209 ||   209
   Cast: Scorch            |    22 |    58 |   201 |   425 ||   706
  Evoke: Wand              |       |       |       |    24 ||    24
    Use: Scroll            |       |       |       |    25 ||    25
         Potion            |       |       |       |     1 ||     1
 Armour: Robe              |    27 |       |       |       ||    27
         Scale mail        |    49 |    23 |   175 |   326 ||   573
         Chain mail        |       |       |       |   210 ||   210
  Dodge: Dodged            |    68 |    19 |    76 |   268 ||   431
         Repelled          |       |       |       |     9 ||     9
  Block: Buckler           |       |       |       |    78 ||    78
         Reflection        |       |       |       |     9 ||     9

Levels and vault maps discovered:
D:1:      dpeg_arrival_erosion, layout_loops_cross
D:2:      layout_basic, serial_shops, shop, minmay_pentomino_pile, uniq_sigmund
D:3:      layout_rooms, minmay_statues_item, uniq_natasha, uniq_grinder,
          uniq_terence
D:4:      layout_rooms, amcnicky_altar_gilded,
          minmay_temple_entry_statues_fountains, corner_web_ring
D:5:      layout_loops_corners, mainiacjoe_overflow_concentric_impassable,
          nicolae_overflow_hidden_temple, nemelex_spade_bored_becter,
          nicolae_fountain_basement, uniq_blork_the_orc
D:6:      layout_gridville, cheibriados_altar_1
D:7:      gammafunk_beogh_shrine, layout_basic, okawaru_gym_becter,
          general_overflow_altar
D:8:      layout_basic, grunt_temple_overflow_open, elyvilon_altar_3,
          mainiacjoe_overflow_catch_the_wave, minmay_chambers_of_fives,
          uniq_grum
D:9:      layout_gridville, gammafunk_ghost_hydra_chop, uniq_pikel
D:10:     layout_roguey, gammafunk_temple_overflow_wave, hiddenorc1_lemuel,
          grunt_decor_junction
D:11:     evilmike_iron_armoury, layout_basic, due_lair_maze_entry_diamond,
          nicolae_concentric_dashed_squares_wild, uniq_psyche, uniq_amaemon
D:12:     layout_irregular_city, ebering_ghost_reflecting_pool, uniq_azrael
Temple:   hellmonk_temple_beads
Lair:1:   layout_roguey, portal_ice_cave_entry_pillars_2,
          nicolae_lair_lakeside_cave, serial_bayou_shore_a
IceCv:    ice_cave_statue_garden_transporter

Notes
Turn   | Place    | Note
-------+----------+-------------------------------------------
     0 | D:1      | cforsyth the Mountain Dwarf Cinder Acolyte began the quest
                  | for the Orb.
     0 | D:1      | Reached XP level 1. HP: 19/19 MP: 2/2
   331 | D:1      | Reached XP level 2. HP: 16/26 MP: 3/3
  1035 | D:2      | Reached skill level 1 in Armour
  1134 | D:2      | Reached skill level 4 in Axes
  1134 | D:2      | Reached skill level 4 in Fire Magic
  1134 | D:2      | Reached XP level 3. HP: 23/31 MP: 3/5
  1140 | D:2      | Learned a level 2 spell: Scorch
  1365 | D:2      | Found Oxuiboj's General Store.
  1706 | D:2      | Noticed Sigmund
  2019 | D:2      | Killed Sigmund
  2020 | D:2      | Reached skill level 4 in Fighting
  2020 | D:2      | Reached skill level 2 in Armour
  2020 | D:2      | Reached skill level 2 in Spellcasting
  2020 | D:2      | Reached XP level 4. HP: 38/40 MP: 1/7
  2020 | D:2      | Reached XP level 5. HP: 43/46 MP: 1/8
  2356 | D:3      | Noticed Natasha
  2370 | D:3      | Killed Natasha
  2443 | D:3      | Noticed Terence
  2550 | D:3      | Noticed Grinder
  2898 | D:3      | Noticed Natasha
  2901 | D:3      | Killed Natasha
  2902 | D:3      | Reached XP level 6. HP: 53/53 MP: 2/9
  3623 | D:4      | Reached skill level 5 in Axes
  3623 | D:4      | Reached skill level 5 in Fire Magic
  3729 | D:4      | Reached skill level 3 in Armour
  3904 | D:4      | Found a staircase to the Ecumenical Temple.
  4076 | D:4      | Found a glowing silver altar of Zin.
  4215 | Temple   | Entered the Ecumenical Temple
  4261 | D:5      | Entered Level 5 of the Dungeon
  4344 | D:5      | Found a radiant altar of Vehumet.
  4494 | D:5      | Identified the +1 robe "Xiukia" {rPois Dex-2 Archmagi}
  4532 | D:5      | Reached XP level 7. HP: 60/60 MP: 4/11
  4599 | D:5      | Noticed Blork the orc
  4604 | D:5      | Killed Blork the orc
  4605 | D:5      | Reached skill level 5 in Fighting
  4710 | D:5      | Found a sparkling altar of Nemelex Xobeh.
  4894 | D:5      | Reached skill level 3 in Spellcasting
  5068 | D:5      | Found a bloodstained altar of Trog.
  5069 | D:5      | Found a basalt altar of Yredelemnul.
  5493 | D:5      | Reached skill level 4 in Armour
  5799 | D:6      | Reached skill level 6 in Axes
  5799 | D:6      | Reached skill level 6 in Fire Magic
  5979 | D:6      | Reached XP level 8. HP: 70/70 MP: 4/13
  6264 | D:6      | Reached skill level 6 in Fighting
  6609 | D:6      | Reached skill level 5 in Armour
  6618 | D:6      | Reached skill level 4 in Spellcasting
  6889 | D:6      | Found a snail-covered altar of Cheibriados.
  6894 | D:6      | Reached skill level 7 in Axes
  6894 | D:6      | Reached skill level 7 in Fire Magic
  7296 | D:7      | Found an iron altar of Okawaru.
  7525 | D:7      | Found a sacrificial altar of Ru.
  7686 | D:7      | Reached XP level 9. HP: 77/78 MP: 8/15
  7928 | D:7      | Found a roughly hewn altar of Beogh.
  8058 | D:7      | Found a transporter.
  8060 | D:7      | Found a transporter.
  8427 | D:8      | Found a white marble altar of Elyvilon.
  8582 | D:8      | Found an ancient bone altar of Kikubaaqudgha.
  8626 | D:8      | Found a shimmering altar of Xom.
  8748 | D:8      | Found a burning altar of Makhleb.
  8751 | D:8      | Found a hide-covered altar of Uskayaw.
  8866 | D:8      | Noticed Grum
  8889 | D:8      | Killed Grum
  8890 | D:8      | Reached skill level 7 in Fighting
  8890 | D:8      | Reached skill level 6 in Armour
  8974 | D:8      | Reached skill level 8 in Axes
  8977 | D:8      | Reached skill level 8 in Fire Magic
  9093 | D:8      | Identified the +2 war axe "Paiff" {vamp, *Corrode Fly rPois
                  | Int+6}
  9115 | D:8      | Reached skill level 5 in Spellcasting
 10026 | D:9      | Noticed Pikel
 10407 | D:8      | Reached XP level 10. HP: 77/88 MP: 8/18
 10725 | D:9      | Reached skill level 7 in Armour
 10731 | D:9      | Reached skill level 8 in Fighting
 11327 | D:9      | Reached skill level 9 in Axes
 11327 | D:9      | Reached skill level 9 in Fire Magic
 11358 | D:9      | Killed Pikel
 11491 | D:9      | Found a runed translucent gate.
 11491 | D:9      | Found a runed translucent gate.
 11499 | D:9      | Noticed mitch45678's ghost (novice CoGl)
 11500 | D:9      | Noticed a ten-headed hydra
 11765 | D:9      | Found a runed translucent gate.
 12249 | D:10     | Entered Level 10 of the Dungeon
 12360 | D:10     | Reached skill level 6 in Spellcasting
 13196 | D:10     | Reached skill level 8 in Armour
 13646 | D:10     | Found a shimmering blue altar of Sif Muna.
 13646 | D:10     | Found a hazy altar of Hepliaklqana.
 13674 | D:10     | Reached skill level 9 in Fighting
 13815 | D:10     | Found a staircase to the Orcish Mines.
 13873 | D:11     | Noticed a boulder beetle
 13874 | D:11     | Noticed a gargoyle
 14030 | D:10     | Killed a boulder beetle
 14031 | D:10     | Reached skill level 10 in Axes
 14031 | D:10     | Reached skill level 10 in Fire Magic
 14031 | D:10     | Reached XP level 11. HP: 90/97 MP: 2/20
 15089 | D:11     | Found a staircase to the Lair.
 15739 | D:11     | Reached skill level 9 in Armour
 15948 | D:11     | Found an iron altar of Okawaru.
 15948 | D:11     | Noticed an orc knight
 15980 | D:11     | Noticed Amaemon
 16132 | D:11     | Noticed a deep elf knight
 16163 | D:11     | Killed a deep elf knight
 16164 | D:11     | Reached skill level 7 in Spellcasting
 16361 | D:11     | Noticed Psyche
 16376 | D:11     | Killed Psyche
 16938 | D:11     | Identified the +3 short sword of Internal Strife {elec,
                  | rElec Will+ Int+3}
 16946 | D:11     | Reached skill level 10 in Fighting
 17016 | D:11     | Killed Amaemon
 17017 | D:11     | Reached skill level 11 in Axes
 17017 | D:11     | Reached skill level 11 in Fire Magic
 17227 | D:11     | Noticed a deep elf knight
 17234 | D:11     | Killed a deep elf knight
 18130 | D:11     | Killed an orc knight
 18253 | D:11     | Identified the scarf "Batugrong" {repulsion, Str+2}
 18286 | D:11     | Identified the +2 leather armour of Divine Compulsion {rC+
                  | Will+ rCorr Int+5}
 18367 | D:12     | Identified the +0 robe of Spite {rElec rF+ Str+2 Int-5}
 18385 | D:12     | Reached skill level 1 in Shields
 18512 | D:12     | Reached XP level 12. HP: 95/106 MP: 23/23
 19075 | D:11     | Reached skill level 2 in Shields
 19380 | D:12     | Found a runed translucent door.
 19386 | D:12     | Noticed Triskal's ghost (journeyman CoAr)
 19972 | D:3      | Noticed Natasha
 19976 | D:3      | Killed Natasha
 20038 | D:3      | Killed Terence
 20100 | D:3      | Paralysed by Grinder for 2 turns
 20107 | D:3      | Killed Grinder
 20852 | D:7      | Identified the +1 pair of boots "Pipne" {Rampage rN+ Int+3}
 21036 | D:11     | Reached skill level 10 in Armour
 21045 | Lair:1   | Entered Level 1 of the Lair of Beasts
 21135 | Lair:1   | Found a frozen archway.
 21143 | IceCv    | Entered an ice cave
 21345 | IceCv    | Found a transporter.
 21359 | IceCv    | Found a transporter.
 21382 | IceCv    | Reached skill level 3 in Shields
 21911 | IceCv    | Killed from afar by an ice statue

Vanquished Creatures
  A boulder beetle (D:10)
  2 deep elf knights (D:11)
  Amaemon (D:11)
  Pikel (D:9)
  An orc knight (D:11)
  An ugly thing (IceCv)
  A manticore (D:12)
  A cyclops (D:12)
  A black mamba (Lair:1)
  An ice statue (IceCv)
  An orange demon (D:11)
  An unseen horror (D:10)
  2 gargoyles (D:11)
  A freezing wraith (IceCv)
  Psyche (D:11)
  2 trolls
  A hornet (D:8)
  Grinder (D:3)
  Sigmund (D:2)
  A shadow (D:11)
  2 wyverns
  A fire elemental (D:11)
  2 wraiths
  14 yaks
  Grum (D:8)
  A basilisk (D:12)
  3 steam dragons
  6 vampire mosquitoes (D:12)
  3 hell hounds
  2 acid dragons
  5 water moccasins (D:11)
  21 orc warriors
  2 black bears
  An ice beast (D:6)
  3 ogres
  4 wolves (D:8)
  7 centaurs
  2 lemures (D:8)
  Blork the orc (D:5)
  3 kobold brigands
  5 bullfrogs
  2 scorpions
  15 wights
  8 killer bees
  An elephant simulacrum (IceCv)
  A howler monkey (D:10)
  4 bombardier beetles
  A lava snake (D:10)
  2 jellies (D:6)
  A gnoll bouda (D:7)
  3 hounds (D:5)
  14 orc priests
  3 iguanas
  Terence (D:3)
  A sleepcap (D:4)
  Natasha (thrice) (D:3)
  20 orc wizards
  A polar bear simulacrum (IceCv)
  5 gnolls (D:8)
  4 adders
  A white imp (D:5)
  4 ufetubi
  43 orcs
  8 endoplasms
  A giant cockroach (D:4)
  6 goblins
  7 hobgoblins
  9 jackals
  4 quokkas
  7 ball pythons
  6 bats
  2 frilled lizards (D:2)
  18 kobolds
  2 rats
320 creatures vanquished.

Vanquished Creatures (others)
  An orc (D:7)
1 creature vanquished.

Grand Total: 321 creatures vanquished

Table legend: (Time is in decaauts)
 A = Elapsed time spent in this place.
 B = Non-inter-level travel time spent in this place.
 C = Inter-level travel time spent in this place.
 D = Time resting spent in this place.
 E = Time spent auto-exploring this place.
 F = Levels seen in this place.
 G = Mean time per level.
                   A        B        C        D        E       F      G
               +--------+--------+--------+--------+--------+-----+--------+
         Total |  21956 |  21138 |    818 |   5394 |  11701 |  15 | 1463.7 |
       Dungeon |  21089 |  20272 |    817 |   4735 |  11701 |  12 | 1757.4 |
        Temple |      1 |      1 |      0 |      0 |      0 |   1 |    1.0 |
          Lair |     97 |     97 |      0 |     20 |      0 |   1 |   97.0 |
      Ice Cave |    767 |    767 |      0 |    639 |      0 |   1 |  767.0 |
               +--------+--------+--------+--------+--------+-----+--------+

Top non-repeatable levels by time:
    D:11: 3753 daAuts
    D:10: 2348 daAuts
     D:9: 2037 daAuts
     D:8: 1967 daAuts
     D:5: 1651 daAuts
     D:6: 1567 daAuts
     D:7: 1561 daAuts
     D:2: 1540 daAuts
    D:12: 1379 daAuts
     D:1: 1171 daAuts
     D:3: 1098 daAuts
     D:4: 1012 daAuts
   IceCv: 767 daAuts
  Lair:1: 97 daAuts
  Temple: 1 daAuts

Table legend:
 A = Non-vault XP
 B = Vault XP
 C = Vault XP percentage of total XP
 D = Non-vault monster count
 E = Vault monster count
 F = Vault count percentage of total count
                 A         B        C        D         E       F
            +---------+---------+-------+---------+---------+-------
      Total |   15246 |   13091 |  46.2 |     228 |      90 |  28.3
            +---------+---------+-------+---------+---------+-------
        D:1 |      22 |       0 |   0.0 |      15 |       0 |   0.0
        D:2 |      45 |     238 |  84.1 |      19 |       6 |  24.0
        D:3 |     118 |     355 |  75.1 |      14 |       3 |  17.6
        D:4 |     173 |       0 |   0.0 |      17 |       0 |   0.0
        D:5 |     598 |      99 |  14.2 |      15 |       1 |   6.2
        D:6 |    1226 |       0 |   0.0 |      24 |       0 |   0.0
        D:7 |     629 |     729 |  53.7 |      15 |      15 |  50.0
        D:8 |    1211 |    1373 |  53.1 |      23 |       9 |  28.1
        D:9 |    1948 |     651 |  25.0 |      20 |       1 |   4.8
       D:10 |    4003 |     378 |   8.6 |      34 |      16 |  32.0
       D:11 |    1732 |    7506 |  81.3 |      11 |      32 |  74.4
       D:12 |    3065 |     307 |   9.1 |      20 |       2 |   9.1
     Lair:1 |     476 |       0 |   0.0 |       1 |       0 |   0.0
      IceCv |       0 |    1455 | 100.0 |       0 |       5 | 100.0
            +---------+---------+-------+---------+---------+-------
